 Dungeon Crawl Stone Soup version 0.31-a0-1522-g43313d8a59 (webtiles) character file.

Game seed: 6773646239809117134

135 pokeman the Magician (level 4, -2/25 HPs)
             Began as a Deep Elf Hedge Wizard on Dec 31, 2023.
             Slain by a river rat (7 damage)
             ... in a sewer.
             The game lasted 00:04:03 (2617 turns).

pokeman the Magician (Deep Elf Hedge Wizard)        Turns: 2617, Time: 00:04:03

Health: -2/25      AC:  3    Str:  7    XL:     4   Next: 97%
Magic:  3/13       EV: 13    Int: 21    God:
Gold:   115        SH:  0    Dex: 14    Spells: 6/14 levels left

rFire   . . .        a - +0 dagger
rCold   . . .        (no shield)
rNeg    . . .        b - +0 robe
rPois   .            k - +0 helmet
rElec   .            (no cloak)
rCorr   .            (no gloves)
SInv    .            (no boots)
Will    .....        (no amulet)
Stlth   +            (no ring)
HPRegen 0.24/turn    (no ring)
MPRegen 0.13/turn

%: no passive effects
@: confused, lethally poisoned (-2 -> -5), very slightly contaminated
A: no striking features
a: no special abilities


You were in a sewer.
You visited 1 branch of the dungeon, and saw 3 of its levels.
You also visited: Sewer.

You collected 115 gold pieces.

Inventory:

Hand Weapons
 a - a +0 dagger (weapon)
Armour
 b - a +0 robe (worn)
 k - a +0 helmet (worn)
Scrolls
 f - 3 scrolls of identify {unknown}
 h - a scroll of revelation {unknown}
Potions
 d - a potion of magic
 e - a potion of curing {unknown}
 g - a potion of mutation {unknown}
 i - 2 potions of heal wounds {unknown}
 j - a potion of attraction {unknown}


   Skills:
 - Level 1.0 Fighting
 - Level 1.0 Armour
 + Level 2.9 Dodging
 - Level 3.0 Stealth
 * Level 5.9 Spellcasting
 + Level 2.4 Conjurations
 - Level 1.1 Summonings
 - Level 1.1 Translocations
 + Level 0.3 Air Magic


You had 6 spell levels left.
You knew the following spells:

 Your Spells              Type           Power      Damage    Failure   Level
a - Magic Dart            Conj           64%        1d6       3%          1
b - Mephitic Cloud        Conj/Alch/Air  10%        N/A       21%         3
c - Call Imp              Summ           20%        N/A       10%         2
d - Blink                 Tloc           20%        N/A       10%         2

Your spell library contained the following spells:

 Spells                   Type           Power      Damage    Failure   Level
 Slow                     Hex            24%        N/A       10%         1
 Cigotuvi's Dreadful Rot  Necr/Alch/Air  12%        N/A       14%         2
 Tukima's Dance           Hex            6%         N/A       30%         3
 Iskenderun's Mystic Bla  Conj/Tloc      13%        2d5       43%         4
 Dimensional Bullseye     Hex/Tloc       4%         N/A       61%         4


Dungeon Overview and Level Annotations

Branches:
Dungeon (3/15)              Sewer (1/1)

Altars:


Message History

The rat bites you. The river rat barely misses you.
Unknown command.
Casting: Mephitic Cloud (extremely dangerous; 21% risk of failure)
Confirm with . or Enter, or press ? or * to list all spells.
Aiming: Mephitic Cloud (extremely dangerous; 21% risk of failure)
Press: ? - help, Shift-Dir - straight line, f/p - river rat
Aim: a river rat (chance to affect: 91%)
The ball explodes into a vile cloud!
The stinking cloud engulfs the river rat.
The stinking cloud engulfs you.
The stinking cloud engulfs the rat.
You are engulfed in noxious fumes.
You choke on the stench!
You are confused.
You feel very sick.
You hear an angry hiss. x2; You hear a loud squeak.
The rat bites you.
The river rat is engulfed in noxious fumes.
The river rat appears confused.
The river rat misses you.
Unknown command.
Unknown command.
You bump into the metal wall.
You are engulfed in noxious fumes.
You choke on the stench!
You are more confused.
You feel sick. The rat completely misses you.
The river rat is engulfed in noxious fumes.
The river rat appears confused.
The river rat misses you.
Unknown command.
You hit the river rat.
The river rat is moderately wounded.
You are engulfed in noxious fumes.
You choke on the stench!
You are more confused.
You feel sick. The rat closely misses you.
The river rat is engulfed in noxious fumes.
The river rat appears confused.
The river rat closely misses you.
Unknown command.
You're too confused to move!
You are engulfed in noxious fumes.
You choke on the stench!
You are more confused.
You feel sick. The rat bites you but does no damage.
The river rat is engulfed in noxious fumes.
The river rat appears confused.
The river rat bites you!
You die...

# # # ##### ≈# ####..÷##
#### ≈≈#
##.÷....###..#########≈≈#
...............#..#..#≈≈#
..............§#r....#≈≈#
..............○r@...##≈≈#
............†.l#§....#≈≈#
.......≈≈≈≈≈≈≈≈#..#..#≈≈#
....≈≈≈≈≈≈≈≈≈≈≈#######≈≈#
.≈≈≈≈≈≈≈≈≈≈≈≈≈≈# ≈#
≈≈≈≈≈≈≈≈≈≈≈≈≈≈≈≈# #
≈≈≈≈≈≈≈≈≈≈≈≈≈≈≈#≈#
...≈≈≈≈≈≈≈≈≈≈≈≈≈#≈#
.......r≈≈≈≈≈≈≈#≈#l


You could see a river rat (confused), a frilled lizard and a rat.

Vanquished Creatures
  10 adders
  A dart slug (D:2)
  3 ribbon worms (D:3)
  2 endoplasms (D:2)
  2 giant cockroaches (D:3)
  A goblin (D:2)
  A hobgoblin (D:1)
  4 kobolds (Sewer)
  2 quokkas
  6 ball pythons
  3 bats
  10 rats
45 creatures vanquished.

Notes
Turn   | Place    | Note
-------+----------+-------------------------------------------
     0 | D:1      | pokeman the Deep Elf Hedge Wizard began the quest for the
                  | Orb.
     0 | D:1      | Reached XP level 1. HP: 10/10 MP: 7/7
   154 | D:1      | You fall into a shaft and drop 1 floor!
   167 | D:2      | Reached XP level 2. HP: 12/16 MP: 1/9
  1281 | D:2      | Reached skill level 5 in Spellcasting
  1281 | D:2      | Reached XP level 3. HP: 12/20 MP: 2/11
  1285 | D:2      | Learned a level 3 spell: Mephitic Cloud
  1288 | D:2      | Learned a level 2 spell: Call Imp
  1291 | D:2      | Learned a level 2 spell: Blink
  1539 | D:2      | Reached skill level 1 in Fighting
  1539 | D:2      | Reached skill level 1 in Armour
  1960 | D:2      | Found a faded altar of an unknown god.
  2175 | D:3      | Reached XP level 4. HP: 18/25 MP: 2/13
  2298 | D:3      | Found a glowing drain.
  2302 | Sewer    | Entered a sewer
  2617 | Sewer    | Slain by a river rat

Illustrated notes

Levels and vault maps discovered:
D:1:      ncdulo_halloftheorcs, layout_basic, grunt_decor_one_mirror,
          chequers_serial_rivers_room_a, roderic_serpentine_path,
          minmay_misc_feat_plants, minmay_tripent
D:2:      layout_loops_cross, chequers_ecumenical_altar_island,
          corexii_corridor_pit
D:3:      layout_loops_ring, gup_sewer_entry_spiral, lexackson_kobold_supper
Sewer:    sewer_minmay_treatment

Skill      XL: |  1  2  3  4 |
---------------+-------------+-----
Spellcasting   | 5 |  5.9
Fighting       | 1 |  1.0
Armour         | 1 |  1.0
Conjurations   | 2 |  2.4
Stealth        | 3 |  3.0
Dodging        | |  2.9
Summonings     | |  1.1
Translocations | |  1.1
Air Magic      | |  0.3

Action                     |  1- 3 |  4- 6 || total
---------------------------+-------+-------++-------
  Melee: Dagger            |     4 |    43 ||    47
         Punch             |       |     1 ||     1
   Cast: Magic Dart        |    70 |    36 ||   106
         Mephitic Cloud    |       |     3 ||     3
   Stab: Confused          |       |     2 ||     2
 Armour: Robe              |    17 |    32 ||    49
  Dodge: Dodged            |    10 |    37 ||    47

Table legend: (Time is in decaauts)
 A = Elapsed time spent in this place.
 B = Non-inter-level travel time spent in this place.
 C = Inter-level travel time spent in this place.
 D = Time resting spent in this place.
 E = Time spent auto-exploring this place.
 F = Levels seen in this place.
 G = Mean time per level.
                   A        B        C        D        E       F      G
               +--------+--------+--------+--------+--------+-----+--------+
         Total |   2637 |   2583 |     54 |    127 |   2092 |   4 |  659.2 |
       Dungeon |   2322 |   2268 |     54 |     48 |   1935 |   3 |  774.0 |
         Sewer |    314 |    314 |      0 |     79 |    157 |   1 |  314.0 |
               +--------+--------+--------+--------+--------+-----+--------+

Top non-repeatable levels by time:
     D:1: 1120 daAuts
     D:2: 1004 daAuts
   Sewer: 314 daAuts
     D:3: 198 daAuts
